 Dungeon Crawl Stone Soup version 0.21-a0-352-g5b8f553 (webtiles) character file.

1761 aspa the Thaumaturge (level 9, -8/51 HPs)
             Began as an Octopode Wizard on Oct 11, 2017.
             Killed from afar by a steam dragon (19 damage)
             ... with a ball of steam
             ... on level 6 of the Dungeon.
             The game lasted 00:30:33 (7477 turns).

aspa the Thaumaturge (Octopode Wizard)              Turns: 7477, Time: 00:30:34

Health: -8/51      AC:  1    Str:  6    XL:     9   Next: 7%
Magic:  12/23      EV: 13    Int: 23    God:
Gold:   263        SH:  0    Dex: 11    Spells: 15/28 levels left

rFire    . . .     SeeInvis .   a - +1 short sword (elec)
rCold    . . .     Gourm    .   (no shield)
rNeg     . . .     Faith    .   e - +0 hat
rPois    .         Spirit   .   (no amulet)
rElec    .         Reflect  .   (no ring)
rCorr    .         Harm     .   (no ring)
MR       .....                  (no ring)
Stlth    +++.......             (no ring)
HPRegen  0.17/turn              (no ring)
MPRegen  0.18/turn              (no ring)
                                (no ring)
                                (no ring)

@: no status effects
A: almost no armour, stealthy swim, amphibious, 8 rings, constrict 8, camouflage
1, gelatinous body 1
a: no special abilities


You were on level 6 of the Dungeon.
You were very hungry.

You visited 1 branch of the dungeon, and saw 7 of its levels.

You collected 263 gold pieces.

Inventory:

Hand Weapons
 a - a +1 short sword of electrocution (weapon)
 b - a +0 scythe
 t - a +2 falchion of holy wrath
 z - a cursed -3 dagger
Armour
 e - a +0 hat (worn)
Wands
 f - a wand of iceblast (4/15)
 D - a wand of random effects (9/48)
Scrolls
 h - 3 scrolls of remove curse
 k - 3 scrolls of teleportation
 n - a scroll of magic mapping
 u - 4 scrolls of enchant armour {unknown}
 w - 2 scrolls of recharging {unknown}
 y - a scroll of fog {unknown}
 B - a scroll of vulnerability {unknown}
 C - a scroll of blinking {unknown}
Potions
 j - a potion of resistance {unknown}
 m - a potion of brilliance
 p - a potion of flight
 q - a potion of lignification {unknown}
 r - a potion of curing {unknown}
 s - a potion of haste {unknown}
 E - a potion of cancellation {unknown}
 F - a potion of berserk rage {unknown}
Books
 v - a book of Minor Magic

   Spells                             Type                      Level
   a - Magic Dart                     Conjuration                  1
   b - Blink                          Translocation                2
   c - Call Imp                       Summoning                    2
   d - Slow                           Hexes                        2
   e - Conjure Flame                  Conjuration/Fire             3
   f - Mephitic Cloud                 Conjuration/Poison/Air       3
Comestibles
 c - 4 bread rations
 g - 3 royal jellies
 o - 3 meat rations
 x - 2 fruits


   Skills:
 - Level 2.0 Dodging
 - Level 2.6 Stealth
 + Level 10.0 Spellcasting
 - Level 4.5 Conjurations
 - Level 1.0 Summonings
 - Level 1.0 Translocations


You had 15 spell levels left.
You knew the following spells:

 Your Spells              Type           Power        Failure   Level  Hunger
a - Magic Dart            Conj           ####         1%          1    None
b - Call Imp              Summ           ###.....     5%          2    None
c - Mephitic Cloud        Conj/Pois/Air  ###.....     9%          3    None
d - Blink                 Tloc           N/A          5%          2    None
e - Slow                  Hex            ##......     9%          2    None
f - Conjure Flame         Conj/Fire      ###.....     7%          3    None


Dungeon Overview and Level Annotations

Branches:
Dungeon (7/15)
 Temple: D:4-7

Altars:
Cheibriados
Okawaru
Ru
Trog
Wu Jian

Shops:
D:6 *

Annotations:
D:6 Eustachio


Innate Abilities, Weirdness & Mutations

You cannot wear most types of armour.
You are very stealthy in the water. (Stealth+)
You are amphibious.
You can wear up to eight rings at the same time.
You can use your tentacles to constrict eight enemies at once.
Your skin changes colour to match your surroundings (Stealth+).
Your rubbery body absorbs attacks. (AC +1, EV +1)


Message History

You kill the hound!
Your Spellcasting skill increases to level 10!
Casting: Magic Dart
Confirm with . or Enter, or press ? or * to list all spells.
Aiming: Magic Dart
Press: ? - help, Shift-Dir - straight line, f - steam dragon
Aim: a steam dragon (severely wounded, confused)
The magic dart hits the steam dragon.
The steam dragon is severely wounded.
Casting: Magic Dart
Confirm with . or Enter, or press ? or * to list all spells.
Aiming: Magic Dart
Press: ? - help, Shift-Dir - straight line, f/p - steam dragon
Aim: a steam dragon (severely wounded, confused)
The magic dart hits the steam dragon.
The steam dragon is almost dead.
The steam dragon seems less confused.
The steam dragon breathes steam at you. The ball of steam hits you!
You die...

.........# ..D.....
#.........# ....#+## #
...D..# ## @#... #######
.....' . +.....# ....#
.# #.###.# .§.##'####
'.# #.# .§.......
#####.######## #§.......
##.....##....###@.......
##.##..........'........
##.###...###.###........
##.# ###.#...# #........
##.# #<##### #........
...# ### #........ .###
#........ .# #........
## #......[.


There were no monsters in sight!

Vanquished Creatures
  Sigmund (D:3)
  Menkaure (D:6)
  An ice beast (D:6)
  2 ogres
  The ghost of Hasart the Chopper, an amateur FoFi (D:4)
  A centaur (D:6)
  A bullfrog (D:6)
  A scorpion (D:5)
  4 killer bees (D:6)
  A howler monkey (D:4)
  2 crimson imps (D:6)
  5 hounds
  5 orc priests
  A jelly (D:6)
  A bullfrog skeleton (D:4)
  A worker ant (D:5)
  An iguana (D:2)
  3 orc wizards (D:4)
  5 adders
  2 oozes
  An adder skeleton (D:6)
  2 worms
  2 dart slugs
  6 leopard geckos
  13 orcs
  3 giant cockroaches
  12 goblins
  8 hobgoblins
  7 jackals
  7 kobolds
  3 quokkas (D:2)
  4 bats
  5 frilled lizards
  A jackal skeleton (D:4)
  2 quokka skeletons (D:4)
  7 rats
123 creatures vanquished.

Vanquished Creatures (collateral kills)
  An orc wizard (D:4)
1 creature vanquished.

Vanquished Creatures (others)
  An orc warrior (D:6)
  A killer bee (D:6)
2 creatures vanquished.

Grand Total: 126 creatures vanquished

Notes
Turn   | Place    | Note
-------+----------+-------------------------------------------
     0 | D:1      | aspa the Octopode Wizard began the quest for the Orb.
     0 | D:1      | Reached XP level 1. HP: 11/11 MP: 4/4
   378 | D:1      | Reached XP level 2. HP: 17/17 MP: 0/6
   383 | D:1      | Learned a level 2 spell: Call Imp
   894 | D:1      | Reached XP level 3. HP: 10/21 MP: 1/8
   899 | D:1      | Learned a level 3 spell: Mephitic Cloud
   902 | D:1      | Learned a level 2 spell: Blink
  1736 | D:2      | Found an ornate altar of the Wu Jian Council.
  1872 | D:2      | Reached skill level 4 in Spellcasting
  1913 | D:2      | Reached XP level 4. HP: 27/27 MP: 10/10
  1918 | D:2      | Learned a level 3 spell: Conjure Flame
  2113 | D:2      | Found a bloodstained altar of Trog.
  2370 | D:3      | Reached XP level 5. HP: 15/31 MP: 0/11
  2698 | D:3      | Found a faded altar of an unknown god.
  3058 | D:3      | Noticed Sigmund
  3084 | D:3      | Killed Sigmund
  3084 | D:3      | Reached XP level 6. HP: 36/36 MP: 7/13
  3246 | D:3      | Reached skill level 5 in Spellcasting
  3255 | D:3      | Learned a level 2 spell: Slow
  3491 | D:4      | Noticed a phantom
  3599 | D:4      | Noticed Hasart's ghost (amateur FoFi)
  3678 | D:4      | Found a sacrificial altar of Ru.
  3687 | D:4      | Found a snail-covered altar of Cheibriados.
  3743 | D:4      | Found an iron altar of Okawaru.
  3815 | D:4      | Reached XP level 7. HP: 41/41 MP: 2/15
  4330 | D:4      | Reached skill level 6 in Spellcasting
  4368 | D:5      | Entered Level 5 of the Dungeon
  4921 | D:4      | Killed Hasart's ghost
  4921 | D:4      | Reached skill level 7 in Spellcasting
  5186 | D:5      | Reached XP level 8. HP: 46/46 MP: 8/19
  5291 | D:6      | Noticed Menkaure
  6070 | D:6      | Killed Menkaure
  6070 | D:6      | Reached skill level 8 in Spellcasting
  6540 | D:6      | Noticed Eustachio
  6611 | D:6      | Reached skill level 9 in Spellcasting
  6863 | D:6      | Found Teeryvak's Assorted Antiques.
  6905 | D:6      | Reached XP level 9. HP: 44/51 MP: 18/22
  7082 | D:5      | HP: 2/51 [poisoned by a killer bee]
  7090 | D:5      | HP: 2/51 [poisoned by a killer bee]
  7474 | D:6      | Reached skill level 10 in Spellcasting
  7477 | D:6      | Killed from afar by a steam dragon

Vault maps used:
D:1:      scummos_arrival_checkerplants
D:2:      wad_crossroads, lemuel_round_altar, trog_book
D:3:      chequers_ecumenical_altar_lobes, uniq_sigmund
D:4:      okawaru_trees_2, nicolae_overflow_crystal_walls,
          nicolae_ru_path_of_blood, first_bread, minmay_misc_feat_columns,
          kennysheep_opposing_triangles
D:6:      nicolae_qazlal_eye_of_the_storm, serial_shops, shop,
          uniq_blork_the_orc, uniq_eustachio, uniq_menkaure
D:7:      lemuel_coloured_pillars_altar, lemuel_doored_altar,
          minmay_temple_entry_grid, bh_chokoban, uniq_joseph

Skill      XL: |  1  2  3  4  5  6  7  8  9 |
---------------+----------------------------+-----
Conjurations   | 2 3 4 |  4.5
Spellcasting   | 4 5 7 9 10 | 10.0
Dodging        | |  2.0
Stealth        | |  2.6
Summonings     | |  1.0
Translocations | |  1.0

Action                   |  1- 3 |  4- 6 |  7- 9 || total
-------------------------+-------+-------+-------++-------
Melee: Unarmed           |     7 |       |       ||     7
       Tentacles         |     3 |     2 |     3 ||     8
       Constrict         |     3 |     7 |     6 ||    16
       Short sword       |    16 |    37 |    36 ||    89
       Scythe            |       |       |    26 ||    26
 Cast: Magic Dart        |    72 |    62 |   153 ||   287
       Mephitic Cloud    |       |     7 |    12 ||    19
       Conjure Flame     |       |       |    18 ||    18
       Blink             |       |       |     6 ||     6
       Call Imp          |       |       |     6 ||     6
Evoke: Wand              |       |       |     1 ||     1
  Use: Scroll            |       |     3 |     3 ||     6
       Potion            |       |       |     5 ||     5
 Stab: Sleeping          |     2 |     7 |       ||     9
       Confused          |       |     1 |     1 ||     2
  Eat: Chunk             |     3 |     6 |    10 ||    19
Armor: Skin              |     3 |     1 |     1 ||     5
Dodge: Dodged            |    12 |    14 |    40 ||    66

Table legend:
 A = Spawn XP
 B = Non-spawn XP
 C = Spawn XP percentage of total XP
 D = Spawn monster count
 E = Non-spawn monster count
 F = Spawn count percentage of total count
 G = Total turns spent on level
                    A         B        C        D         E        F      G
               +---------+---------+-------+---------+---------+-------+---------
         Total |       0 |    2517 |   0.0 |       0 |     126 |   0.0 |  7477
               +---------+---------+-------+---------+---------+-------+---------
           D:1 |       0 |      40 |   0.0 |       0 |      19 |   0.0 |  1464
           D:2 |       0 |      87 |   0.0 |       0 |      28 |   0.0 |   881
           D:3 |       0 |     360 |   0.0 |       0 |      20 |   0.0 |  1503
           D:4 |       0 |     581 |   0.0 |       0 |      26 |   0.0 |  1179
           D:5 |       0 |     332 |   0.0 |       0 |      13 |   0.0 |  1297
           D:6 |       0 |    1117 |   0.0 |       0 |      20 |   0.0 |  1151
               +---------+---------+-------+---------+---------+-------+---------
